 Seeded DCSS version 0.29-a0-923-g6e406bff71 (webtiles) character file.

Game seed: 20220728 (custom seed)

130 purpskrrrp the Cudgeller (level 5, -1/33 HPs)
             Began as a Gargoyle Monk on July 28, 2022.
             Was a Priest of Dithmenos.
             Killed by divine providence
             ... invoked by an orc priest
              (13 damage)
             ... on level 4 of the Dungeon.
             The game lasted 00:06:06 (3188 turns).

purpskrrrp the Cudgeller (Gargoyle Monk)            Turns: 3188, Time: 00:06:07

Health: -1/33      AC: 10    Str: 16    XL:     5   Next: 13%
Magic:  5/5        EV: 10    Int: 11    God:    Dithmenos [***...]
Gold:   144        SH:  0    Dex: 12    Spells: 4/4 levels left

rFire   + . .      SeeInvis .   c - +0 flail (venom)
rCold   . . .      Faith    .   (no shield)
rNeg    + . .      Spirit   .   g - +0 scale mail {rF+}
rPois   ∞          Reflect  .   (no helmet)
rElec   +          Harm     .   (no cloak)
rCorr   .          Rampage  .   (no gloves)
Will    .....                   (no boots)
Stlth   +.........              (no amulet)
HPRegen 0.11/turn               (no ring)
MPRegen 0.09/turn               (no ring)

@: wreathed by umbra
A: sickness immunity, AC +4, negative energy resistance 1, electricity
resistance, torment resistance 1, petrification resistance
a: Renounce Religion, Shadow Step


You were on level 4 of the Dungeon.
You worshipped Dithmenos.
Dithmenos was most pleased with you.
You visited 1 branch of the dungeon, and saw 4 of its levels.

You collected 144 gold pieces.

Inventory:

Hand Weapons
 a - a +0 mace
 c - a +0 flail of venom (weapon)
Missiles
 f - 3 javelins
 j - 6 boomerangs (quivered)
Armour
 b - a +0 robe
 g - a +0 scale mail of fire resistance (worn)
 q - a +0 helmet
Wands
 l - a wand of digging (4)
Scrolls
 d - a scroll of enchant armour {unknown}
 e - a scroll of immolation {unknown}
 i - a scroll of fog
 m - a scroll of amnesia
 n - a scroll of blinking {unknown}
 p - 2 scrolls of magic mapping {unknown}
 r - 2 scrolls of silence {unknown}
Potions
 h - a potion of heal wounds


   Skills:
 + Level 3.8 Fighting
 * Level 4.3 Maces & Flails
 + Level 1.2 Armour
 + Level 2.9 Dodging
 * Level 3.1 Stealth


You had 4 spell levels left.
You didn't know any spells.
Your spell library was empty.

Dungeon Overview and Level Annotations

Branches:
Dungeon (4/15)
 Temple: D:4-7

Altars:
Dithmenos

Annotations:
D:3 3 runed translucent doors, xian's ghost, amateur OpBr


Innate Abilities, Weirdness & Mutations

You are immune to sickness and miasma.
Your stone body is resilient. (AC +4)
You are immune to poison.
You resist negative energy. (rN+)
You are resistant to electric shocks. (rElec)
You are resistant to unholy torment.
You are immune to petrification.


Message History

The orc hits you with a +0 mace. x2
* * * LOW HITPOINT WARNING * * *
Something hits you but does no damage.
You closely miss something. The orc barely misses you.
Something completely misses you.
You hit something. Something hits you but does no damage.
The orc closely misses you.
You feel much better. Something hits you. The orc hits you with a +0 mace.
You hit something. Dithmenos accepts your kill.
Reactivating autopickup.
You feel a bit more experienced. The orc barely misses you.
You have reached level 5!
You hit the goblin but do no damage.
The goblin is poisoned.
The goblin barely misses you. The orc hits you but does no damage.
You barely miss the goblin. The goblin hits you with a +0 dagger.
The orc hits you with a +0 mace! The goblin hits you but does no damage.
The orc barely misses you.
You hit the goblin.
The goblin looks even sicker.
The goblin is almost dead.
You kill the goblin!
Dithmenos accepts your kill. The orc hits you with a +0 mace.
An orc priest comes into view. It is wielding a +0 short sword.
You are too injured to fight recklessly!
You are too injured to fight recklessly!
You barely miss the orc.
The orc priest shouts!
The orc hits you but does no damage.
You hit the orc but do no damage.
The orc is poisoned.
The orc misses you.
You closely miss the orc.
The orc is moderately wounded.
The orc priest looks satisfied for a moment.
The orc hits you but does no damage.
The orc priest mumbles some strange prayers to Beogh against you.
Pain shoots through your body! The orc hits you with a +0 mace.
Items here: )) [ †.
The orc priest mumbles some strange prayers to Beogh against you.
Beogh smites you!
You die...

###......##+##
..........+..# +
..........#..# .#
..........#)o+ ..#
.........##@.# ...#
#.....o##o.#...?.
.##.......#....#
.......<..'....#
..........#....#
.........#####...>.
.........# .#...
.........# .#...
.##......# #.


You could see an orc priest and an orc (very poisoned).

Vanquished Creatures
  An orc wizard (D:4)
  3 gnolls (D:2)
  4 adders
  2 orcs (D:3)
  3 bats
  5 endoplasms
  2 giant cockroaches
  4 goblins
  6 hobgoblins
  2 kobolds
  2 quokkas
  3 ball pythons
  3 rats
40 creatures vanquished.

Vanquished Creatures (others)
  4 fungi (D:3)
4 creatures vanquished.

Grand Total: 44 creatures vanquished

Notes
Turn   | Place    | Note
-------+----------+-------------------------------------------
     0 | D:1      | purpskrrrp the Gargoyle Monk began the quest for the Orb.
     0 | D:1      | Reached XP level 1. HP: 14/14 MP: 1/1
   264 | D:1      | Reached XP level 2. HP: 11/19 MP: 2/2
   460 | D:1      | Found a faded altar of an unknown god.
   573 | D:1      | Prayed at the altar of an unknown god.
   573 | D:1      | Became a worshipper of Dithmenos the Shadowed
   573 | D:1      | Reached * piety under Dithmenos
   573 | D:1      | Reached ** piety under Dithmenos
  1512 | D:2      | Reached XP level 3. HP: 13/24 MP: 3/3
  1763 | D:2      | Reached *** piety under Dithmenos
  2124 | D:2      | Reached XP level 4. HP: 6/29 MP: 4/4
  2554 | D:3      | Noticed a kobold brigand
  2575 | D:3      | Found a runed translucent gate.
  2576 | D:3      | Found a runed translucent gate.
  2576 | D:3      | Noticed xian's ghost (amateur OpBr)
  2577 | D:3      | Found a runed translucent gate.
  2584 | D:3      | Reached skill level 4 in Maces & Flails
  3147 | D:4      | Noticed an acid dragon
  3174 | D:4      | Reached skill level 1 in Armour
  3181 | D:4      | Reached XP level 5. HP: 24/33 MP: 5/5
  3188 | D:4      | Killed from afar by an orc priest

Illustrated notes

Levels and vault maps discovered:
D:1:      dpeg_arrival_erosion, layout_basic, ebering_ecumenical_altar_abandoned
D:2:      layout_basic
D:3:      layout_loops_ring, gammafunk_ghost_nasty_kobolds
D:4:      layout_gridville, lemuel_tele_altar, st_stairs_3, uniq_eustachio

Skill      XL: |  1  2  3  4 |
---------------+-------------+-----
Maces & Flails | 4 |  4.3
Stealth        | 3 |  3.1
Armour         | 1 |  1.2
Fighting       | |  3.8
Dodging        | |  2.9

Action                   |  1- 3 |  4- 6 || total
-------------------------+-------+-------++-------
Melee: Mace              |   105 |       ||   105
       Punch             |     1 |       ||     1
       Flail             |       |    49 ||    49
  Use: Potion            |     2 |     2 ||     4
       Scroll            |       |     5 ||     5
 Stab: Sleeping          |     3 |       ||     3
       Invisible         |     4 |       ||     4
Armor: Robe              |    13 |       ||    13
       Scale mail        |    30 |    28 ||    58
Dodge: Dodged            |    72 |    47 ||   119

Table legend: (Time is in decaauts)
 A = Elapsed time spent in this place.
 B = Non-inter-level travel time spent in this place.
 C = Inter-level travel time spent in this place.
 D = Time resting spent in this place.
 E = Time spent auto-exploring this place.
 F = Levels seen in this place.
 G = Mean time per level.
                   A        B        C        D        E       F      G
               +--------+--------+--------+--------+--------+-----+--------+
         Total |   3221 |   3130 |     91 |    245 |   2427 |   4 |  805.2 |
       Dungeon |   3221 |   3130 |     91 |    245 |   2427 |   4 |  805.2 |
               +--------+--------+--------+--------+--------+-----+--------+

Top non-repeatable levels by time:
     D:1: 1285 daAuts
     D:2: 1214 daAuts
     D:3: 676 daAuts
     D:4: 45 daAuts
